 Dungeon Sprint DCSS version 0.30-a0-292-g0f741e3f8e (webtiles) character file.

Game seed: 16097128863812034035

14238 wilfster70 the End of an Era (level 12, -14/111 HPs)
             Began as a Formicid Fighter on Oct 17, 2022.
             Was the Champion of Qazlal.
             Demolished by a deep elf blademaster
             ... wielding a +0 rapier
              (18 damage)
             ... in the Dungeon (Sprint VII: "The Pits").
             The game lasted 00:08:17 (2585 turns).

wilfster70 the End of an Era (Formicid Fighter)     Turns: 2585, Time: 00:08:17

Health: -14/111    AC: 21    Str: 25    XL:     12   Next: 42%
Magic:  17/24      EV: 11    Int:  9    God:    Qazlal [******]
Gold:   29         SH: 20    Dex: 13    Spells: 11/11 levels left

rFire   . . .      SeeInvis +    b - +2 halberd (venom)
rCold   . . .      Faith    .    q - +0 kite shield
rNeg    . . .      Spirit   .    l - +3 plate armour
rPois   .          Reflect  .    (helmet unavailable)
rElec   .          Harm     .    k - +0 cloak
rCorr   .          Rampage  .    (no gloves)
Will    +....                    (no boots)
Stlth   ..........               (no amulet)
HPRegen 0.38/turn                (no ring)
MPRegen 0.19/turn                t - +4 ring of evasion

@: lethally poisoned (-14 -> -26), repel missiles
A: permanent stasis, dig shafts and tunnels, antennae 3, four strong arms
a: Dig, Renounce Religion, Upheaval, Elemental Force, Disaster Area


You were in the Dungeon.
You worshipped Qazlal.
Qazlal was exalted by your worship.
You visited 1 branch You collected 29 gold pieces.

Inventory:

Hand Weapons
 a - a +2 trident
 b - a +2 halberd of venom (weapon)
Missiles
 o - 3 throwing nets
Armour
 k - a +0 cloak (worn)
 l - a +3 plate armour (worn)
 q - a +0 kite shield (worn)
Jewellery
 d - a +3 ring of protection
 r - a ring of willpower
 t - a +4 ring of evasion (right hand)
Wands
 c - a wand of iceblast (8)
 p - a wand of digging (2)
Scrolls
 i - 6 scrolls of amnesia
 j - a scroll of summoning
 m - 4 scrolls of enchant armour
 w - a scroll of butterflies
Potions
 e - 8 potions of curing
 f - 13 potions of heal wounds
 g - 4 potions of magic
 h - 2 potions of invisibility
 n - a potion of mutation
 s - 2 potions of might
 u - 2 potions of resistance
 v - a potion of brilliance
Miscellaneous
 x - a phial of floods


   Skills:
 + Level 15.8 Fighting
 - Level 16.0 Polearms
 + Level 15.9 Armour
 - Level 11.6 Shields
 * Level 16.8 Invocations
 + Level 1.3 Evocations


You had 11 spell levels left.
You didn't know any spells.
Your spell library contained the following spells:

 Spells                   Type           Power      Damage    Failure   Level
 Cigotuvi's Dreadful Rot  Necr/Pois/Air  0%         N/A       100%        2
 Poisonous Vapours        Pois/Air       0%         N/A       100%        2
 Dazzling Flash           Conj/Hex       0%         N/A       100%        3
 Mephitic Cloud           Conj/Pois/Air  0%         N/A       100%        3
 Agony                    Necr           0%         N/A       100%        5
 Silence                  Hex/Air        0%         N/A       100%        5


Dungeon Overview and Level Annotations

Branches:
Dungeon (1/1)

Altars:
Ashenzari
Cheibriados
Dithmenos
Elyvilon
Fedhas
Gozag
Hepliaklqana
Kikubaaqudgha
Makhleb
Nemelex Xobeh
Okawaru
Qazlal
Ru
Sif Muna
Trog
Uskayaw
Vehumet
Wu Jian
Xom
Yredelemnul
Zin
The Shining One
Jiyva
Lugonu


Innate Abilities, Weirdness & Mutations

You cannot be hasted, slowed, berserked, paralysed or teleported.
You can dig through walls and to a lower floor.
You have a pair of large antennae on your head. (SInv)
Your four strong arms can wield two-handed weapons with a shield.


Message History

You closely miss the deep elf blademaster.
The deep elf blademaster is heavily wounded.
You feel sick.
You hear an angry buzzing noise.
You are more poisoned.
You block the deep elf blademaster's attack.
The deep elf blademaster hits you with a +0 rapier.
You block the wraith's attack.
You puncture the deep elf blademaster!
The deep elf blademaster looks as sick as possible!
The deep elf blademaster is heavily wounded.
You feel sick.
You hear an angry buzzing noise.
You are more poisoned.
The deep elf blademaster hits you but does no damage.
The deep elf blademaster hits you with a +0 rapier!
You block the wraith's attack.
You hear an angry buzzing noise.
You feel sick.
You hear a roar!
You hear a shout!
You are more poisoned.
The deep elf blademaster is engulfed in freezing vapours.
You block the deep elf blademaster's attack. x2
The wraith attacks as you move away! The wraith hits you but does no damage.
You feel very sick.
* * * LOW HITPOINT WARNING * * *
You are more poisoned.
An orc high priest comes into view. It is wielding a +0 scimitar.
You impale the deep elf blademaster!!
The deep elf blademaster is almost dead.
You feel very sick.
* * * LOW HITPOINT WARNING * * *
You are more poisoned.
The deep elf blademaster hits you with a +0 rapier!
* * * LOW HITPOINT WARNING * * *
The deep elf blademaster hits you with a +0 rapier!
* * * LOW HITPOINT WARNING * * *
You block the wraith's attack.
The deep elf blademaster hits you with a +0 rapier!!
You die...

{ {{ { {{ {{ {{
###################
..............○.○.+
................○.+
################@§#
# { { { { { { {#eW#
# { { { { { { #..#
# { { { { { { #N.#
# { { { { { #)o§# #
{ { { { #{#..#
################≈.#
...........{....≈≈#
{
..................#
{


You could see a deep elf blademaster (extremely poisoned), a naga ritualist
(toxic aura), an orc high priest and a wraith.

Vanquished Creatures
  Kirke (D)
  A nagaraja (D)
  Harold (D)
  A merfolk avatar (D)
  A hydra (D)
  An alligator snapping turtle (D)
  A catoblepas (D)
  A shadow wraith (D)
  A fire crab (D)
  3 sea snakes (D)
  An orc knight (D)
  A deep elf zephyrmancer (D)
  A lindwurm (D)
  A black mamba (D)
  An elephant (D)
  A naga mage (D)
  A smoke demon (D)
  A rime drake (D)
  Psyche (D)
  An unseen horror (D)
  A freezing wraith (D)
  A demonic crawler (D)
  An efreet (D)
  Prince Ribbit (D)
  A tarantella (D)
  A snapping turtle (D)
  A hog (D)
  2 humans (D)
  A redback (D)
  Grum (D)
  Menkaure (D)
  An orc warrior (D)
  6 wolves (D)
  An ogre (D)
  2 centaurs (D)
  A gnoll sergeant (D)
  A scorpion (D)
  5 wights (D)
  A hound (D)
  2 crimson imps (D)
  A gnoll bouda (D)
  An iguana (D)
  An orc wizard (D)
  A mummy (D)
  An adder (D)
  6 gnolls (D)
  2 ufetubi (D)
  7 orcs (D)
  2 giant cockroaches (D)
  3 jackals (D)
  A quokka (D)
  A ball python (D)
  3 frilled lizards (D)
  A giant cockroach zombie (D)
  2 kobolds (D)
87 creatures vanquished.

Notes
Turn   | Place    | Note
-------+----------+-------------------------------------------
     0 | D        | wilfster70 the Formicid Fighter began the quest for the
                  | Orb.
     0 | D        | Reached XP level 1. HP: 18/18 MP: 1/1
    19 | D        | Found a bloodstained altar of Trog.
    19 | D        | Found a shimmering blue altar of Sif Muna.
    19 | D        | Found a viscous altar of Jiyva.
    19 | D        | Found a hazy altar of Hepliaklqana.
    19 | D        | Found an opulent altar of Gozag.
    20 | D        | Found a glowing golden altar of the Shining One.
    20 | D        | Found a glowing silver altar of Zin.
    20 | D        | Found a basalt altar of Yredelemnul.
    20 | D        | Found a shimmering altar of Xom.
    20 | D        | Found an ornate altar of the Wu Jian Council.
    20 | D        | Found a sacrificial altar of Ru.
    20 | D        | Found a stormy altar of Qazlal.
    20 | D        | Found an iron altar of Okawaru.
    20 | D        | Found a sparkling altar of Nemelex Xobeh.
    20 | D        | Found a burning altar of Makhleb.
    20 | D        | Found a blossoming altar of Fedhas.
    20 | D        | Found a white marble altar of Elyvilon.
    20 | D        | Found a shadowy altar of Dithmenos.
    20 | D        | Found a snail-covered altar of Cheibriados.
    22 | D        | Found a radiant altar of Vehumet.
    22 | D        | Found a corrupted altar of Lugonu.
    23 | D        | Found a hide-covered altar of Uskayaw.
    23 | D        | Found an ancient bone altar of Kikubaaqudgha.
    23 | D        | Found a broken altar of Ashenzari.
    27 | D        | Became a worshipper of Qazlal Stormbringer
    73 | D        | Reached skill level 1 in Invocations
    73 | D        | Reached XP level 2. HP: 13/25 MP: 2/2
   141 | D        | Reached * piety under Qazlal
   167 | D        | Reached skill level 5 in Shields
   167 | D        | Reached XP level 3. HP: 27/31 MP: 3/5
   170 | D        | Reached ** piety under Qazlal
   171 | D        | Reached XP level 4. HP: 25/38 MP: 3/6
   357 | D        | Reached *** piety under Qazlal
   363 | D        | Reached skill level 5 in Polearms
   368 | D        | Reached skill level 5 in Fighting
   368 | D        | Reached skill level 5 in Armour
   371 | D        | Reached **** piety under Qazlal
   380 | D        | Reached XP level 5. HP: 37/44 MP: 6/8
   413 | D        | Reached ***** piety under Qazlal
   497 | D        | Noticed a deep elf zephyrmancer
   510 | D        | Killed a deep elf zephyrmancer
   511 | D        | Reached XP level 6. HP: 36/56 MP: 8/11
   511 | D        | Reached XP level 7. HP: 39/61 MP: 8/12
   586 | D        | Noticed Prince Ribbit
   604 | D        | HP: 1/61 [Prince Ribbit (14)]
   611 | D        | HP: 2/61 [Prince Ribbit (9)]
   616 | D        | Killed Prince Ribbit
   617 | D        | Reached skill level 10 in Polearms
   617 | D        | Reached skill level 10 in Shields
   617 | D        | Reached XP level 8. HP: 24/68 MP: 2/14
   763 | D        | Noticed Menkaure
   763 | D        | Noticed a smoke demon
   763 | D        | Noticed a freezing wraith
   764 | D        | Killed a smoke demon
   764 | D        | Killed Menkaure
   772 | D        | HP: 1/70 [freezing wraith (6)]
   784 | D        | Killed a freezing wraith
   785 | D        | Reached XP level 9. HP: 31/76 MP: 8/15
  1036 | D        | Noticed an orc knight
  1072 | D        | Killed an orc knight
  1152 | D        | Noticed an elephant
  1161 | D        | Killed an elephant
  1162 | D        | Reached skill level 10 in Fighting
  1162 | D        | Reached skill level 10 in Armour
  1162 | D        | Reached skill level 10 in Invocations
  1178 | D        | Noticed Psyche
  1178 | D        | Noticed a sea snake
  1186 | D        | Killed Psyche
  1189 | D        | Killed a sea snake
  1190 | D        | Reached XP level 10. HP: 86/86 MP: 16/18
  1224 | D        | Noticed a lindwurm
  1230 | D        | Killed a lindwurm
  1230 | D        | Reached ****** piety under Qazlal
  1236 | D        | Noticed a nagaraja
  1248 | D        | Killed a nagaraja
  1476 | D        | Noticed Harold
  1477 | D        | Noticed an unseen horror
  1480 | D        | Noticed a sea snake
  1483 | D        | Killed Harold
  1484 | D        | Reached skill level 15 in Polearms
  1487 | D        | Killed an unseen horror
  1488 | D        | Reached XP level 11. HP: 62/95 MP: 20/20
  1490 | D        | Killed a sea snake
  1664 | D        | Noticed a catoblepas
  1668 | D        | Noticed Grum
  1676 | D        | Killed Grum
  1680 | D        | Noticed a fire crab
  1686 | D        | Killed a catoblepas
  1695 | D        | Killed a fire crab
  1845 | D        | Noticed a sea snake
  1849 | D        | Killed a sea snake
  1849 | D        | Noticed a shadow wraith
  1862 | D        | Noticed a merfolk avatar
  1865 | D        | Killed a shadow wraith
  1866 | D        | Reached skill level 15 in Invocations
  1867 | D        | Noticed a six-headed hydra
  1873 | D        | Killed a merfolk avatar
  1873 | D        | Killed a six-headed hydra
  1873 | D        | Noticed Kirke
  1874 | D        | Reached skill level 15 in Fighting
  1874 | D        | Reached skill level 15 in Armour
  1874 | D        | Reached XP level 12. HP: 104/109 MP: 1/23
  1882 | D        | Killed Kirke
  1964 | D        | Noticed an alligator snapping turtle
  1991 | D        | Killed an alligator snapping turtle
  2567 | D        | Reached skill level 1 in Evocations
  2571 | D        | Noticed a deep elf blademaster
  2578 | D        | Noticed a naga ritualist
  2584 | D        | Noticed an orc high priest
  2585 | D        | HP: 4/111 [deep elf blademaster/+0 rapier (11)]
  2585 | D        | Demolished by a deep elf blademaster

Illustrated notes

Levels and vault maps discovered:
D:        pitsprint [storerooms_1, entrance_room_1, metal_vault_6, armoury_2,
          mini_pit_1, grid_room_1, main_hall_1, silver_pit, the_coven_2,
          the_vestibule_1, steel_vault_4, golden_pit, hallway_of_sentries,
          crystal_vault_4, iron_vault_4, final_vault]

Skill      XL: |  1  2  3  4  5  6  7  8  9 10 11 12 |
---------------+-------------------------------------+-----
Invocations    | 1 2 3 4 7 8 9 11 12 15 16 | 16.8
Polearms       | 4 5 9 10 11 13 15 16 | 16.0
Fighting       | 4 5 7 8 9 10 12 15 | 15.8
Armour         | 4 5 7 8 9 11 12 15 | 15.9
Shields        | 5 6 9 10 11 | 11.6
Evocations     | 1 |  1.3

Action                   |  1- 3 |  4- 6 |  7- 9 | 10-12 || total
-------------------------+-------+-------+-------+-------++-------
Melee: Trident           |    34 |    60 |    37 |       ||   131
       Halberd           |       |       |    37 |   135 ||   172
Invok: Disaster Area     |       |       |     3 |     7 ||    10
       Upheaval          |       |       |     1 |       ||     1
  Use: Potion            |       |       |     7 |     1 ||     8
Armor: Scale mail        |    21 |     1 |       |       ||    22
       Plate armour      |       |    14 |    26 |    41 ||    81
       Skin              |       |       |     2 |       ||     2
Dodge: Dodged            |    15 |    17 |     7 |    15 ||    54
       Repelled          |       |       |       |     1 ||     1
Block: Buckler           |    13 |    21 |    42 |    53 ||   129
       Kite shield       |       |       |       |    16 ||    16

Table legend: (Time is in decaauts)
 A = Elapsed time spent in this place.
 B = Non-inter-level travel time spent in this place.
 C = Inter-level travel time spent in this place.
 D = Time resting spent in this place.
 E = Time spent auto-exploring this place.
 F = Levels seen in this place.
 G = Mean time per level.
                   A        B        C        D        E       F      G
               +--------+--------+--------+--------+--------+-----+--------+
         Total |   2547 |   2331 |    216 |   1325 |      0 |   1 | 2547.0 |
       Dungeon |   2547 |   2331 |    216 |   1325 |      0 |   1 | 2547.0 |
               +--------+--------+--------+--------+--------+-----+--------+

Top non-repeatable levels by time:
       D: 2547 daAuts
